 Dungeon Crawl Stone Soup version 0.31-a0-626-g8143ab4f1d (webtiles) character file.

Game seed: 14196063414825321277

290 zenocrate the Changeling (level 6, 0/81 HPs)
             Began as a Troll Shapeshifter on Aug 25, 2023.
             Slain by dialectric's ghost (12 damage)
             ... on level 4 of the Dungeon.
             The game lasted 00:02:59 (2753 turns).

zenocrate the Changeling (Troll Shapeshifter)       Turns: 2753, Time: 00:02:59

Health: 0/81       AC: 23    Str: 24    XL:     6   Next: 9%
Magic:  5/5        EV:  1    Int:  4    God:
Gold:   141        SH:  0    Dex: 12    Spells: 5/5 levels left

rFire   . .          .
                       - Unarmed
rCold   . . .        (no shield)
rNeg    . . .        a - melded +0 animal skin
rPois   +            (helmet currently unavailable)
rElec   .            (cloak currently unavailable)
rCorr   .            (gloves unavailable)
SInv    .            (boots unavailable)
Will    .....        (no amulet)
Stlth   +            e - ring of flight
HPRegen 1.13/turn    (no ring)
MPRegen 0.09/turn

%: no passive effects
@: lethally poisoned (0 -> -3), tree-form
A: stationary, stasis, torment immunity, boosted hp, large, unfitting armour,
(claws 3), regeneration 1, (shaggy fur 1), (tough skin 1)
a: no special abilities


You were on level 4 of the Dungeon.
You were a tree.
You visited 1 branch of the dungeon, and saw 4 of its levels.

You collected 141 gold pieces.

Inventory:

Armour
 a - a +0 animal skin (melded)
Jewellery
 e - a ring of flight (left branch)
Talismans
 c - a beast talisman
 d - a flux talisman
 l - a blade talisman
Wands
 k - a wand of roots (9)
Scrolls
 f - a scroll of noise {unknown}
 g - 2 scrolls of fear {unknown}
 h - 2 scrolls of enchant armour {unknown}
 i - a scroll of revelation {unknown}
 j - a scroll of vulnerability {unknown}
 n - 2 scrolls of identify {unknown}
 p - a scroll of enchant weapon {unknown}
Potions
 m - a potion of curing {unknown}
 o - a potion of heal wounds {unknown}


   Skills:
 - Level 0.7 Fighting
 - Level 1.5 Dodging
 + Level 4.7 Unarmed Combat
 + Level 0.9 Evocations
 + Level 5.2 Shapeshifting


You had 5 spell levels left.
You didn't know any spells.
Your spell library contained the following spells:

 Spells                   Type           Power      Damage    Failure   Level
 Freeze                   Ice            0%         1d3       50%         1
 Sandblast                Erth           0%         2d4       50%         1
 Slow                     Hex            0%         N/A       50%         1
 Passwall                 Tmut/Erth      0%         N/A       65%         2
 Confusing Touch          Hex            0%         N/A       86%         3
 Frozen Ramparts          Ice            0%         1d1       86%         3
 Hailstorm                Conj/Ice       0%         3d3       86%         3
 Stone Arrow              Conj/Erth      0%         3d7       86%         3
 Vampiric Draining        Necr           0%         2d6       86%         3


Dungeon Overview and Level Annotations

Branches:
Dungeon (4/15)
 Temple: D:4-7

Altars:

Shops:
D:4 [

Annotations:
D:2 Natasha
D:3 digging
D:4 dialectric's ghost, amateur MiFi


Innate Abilities, Weirdness & Mutations

You are a tree.
Your roots penetrate the ground, keeping you stationary.
You cannot be teleported.
You are immune to unholy pain and torment.
Your maximum health is greatly increased.
Your equipment is partially melded.
You are too large for most types of armour.
((You have claws for hands.))
Your natural rate of healing is unusually fast.
((You are covered in fur. (AC +1)))
((You have tough skin. (AC +1)))


Message History

The bullfrog zombie completely misses you.
You scratch the bullfrog zombie.
The bullfrog zombie is almost destroyed.
The bullfrog zombie closely misses you.
You barely miss dialectric's ghost.
You scratch dialectric's ghost but do no damage.
Dialectric's ghost hits you.
You are poisoned.
You scratch dialectric's ghost but do no damage.
You feel very sick. Dialectric's ghost hits you!
You claw dialectric's ghost! Your claw misses dialectric's ghost.
Dialectric's ghost is moderately damaged.
You feel sick. Dialectric's ghost hits you!
You are more poisoned.
Unknown command.
Your transformation has ended.
You turn into a tree.
Your +0 animal skin melds into your body.
Your roots penetrate the ground.
You feel very sick.
Dialectric's ghost hits you but does no damage.
Unknown command.
Unknown command.
You hit dialectric's ghost.
Dialectric's ghost is moderately damaged.
You feel very sick. Dialectric's ghost hits you.
* * * LOW HITPOINT WARNING * * *
Unknown command.
You barely miss dialectric's ghost.
Dialectric's ghost is moderately damaged.
You feel very sick.
Dialectric's ghost hits you but does no damage.
Unknown command.
You hit dialectric's ghost but do no damage.
Dialectric's ghost is moderately damaged.
You feel very sick. Dialectric's ghost hits you!
You die...

#................#.#.<.##........
...........#<...##....###........
..........#.....###....#.........
.##..##..##.#......#.............
##..###.###.##..#.##............#
...####..#.....##...............#
.##............##..............##
.###..###....#####Z..............
## #)..###..###.♣WZ...........#..
# ##...##.......###'''###.....##.
###........##...#.......#.......#
....###........###.....##..#.....
##.## #........##.......#...#....
.######.........##..?$.##...###..
..##.##.........#..#.#..#..## #.#
.....###........#########..# ###
..##..##...###............##


You could see dialectric's ghost, a bullfrog zombie and a howler monkey zombie.

Vanquished Creatures
  A bullfrog skeleton (D:4)
  Jessica (D:2)
  Natasha (twice) (D:2)
  Robin (D:2)
  6 gnolls
  2 adders (D:3)
  3 dart slugs
  An orc (D:4)
  7 ball pythons
  4 bats
  7 endoplasms
  2 giant cockroaches
  16 goblins
  9 hobgoblins
  3 jackals (D:1)
  8 kobolds
  4 quokkas
  6 frilled lizards
  10 rats
93 creatures vanquished.

Notes
Turn   | Place    | Note
-------+----------+-------------------------------------------
     0 | D:1      | zenocrate the Troll Shapeshifter began the quest for the
                  | Orb.
     0 | D:1      | Reached XP level 1. HP: 18/18 MP: 0/0
   122 | D:1      | Reached XP level 2. HP: 26/26 MP: 1/1
   261 | D:1      | Reached XP level 3. HP: 32/32 MP: 2/2
   729 | D:2      | Noticed Robin
   786 | D:1      | Reached skill level 4 in Shapeshifting
   797 | D:2      | Killed Robin
   798 | D:2      | Reached XP level 4. HP: 40/40 MP: 3/3
   857 | D:2      | Noticed Jessica
   865 | D:2      | Killed Jessica
   965 | D:2      | Noticed Natasha
   970 | D:2      | Killed Natasha
  1020 | D:2      | Noticed Natasha
  1025 | D:2      | Killed Natasha
  1026 | D:2      | Reached XP level 5. HP: 46/46 MP: 4/4
  1223 | D:2      | Noticed Natasha
  1953 | D:3      | Reached skill level 5 in Shapeshifting
  2013 | D:3      | Found a faded altar of an unknown god.
  2399 | D:4      | Found Kozeroz's Armour Emporium.
  2444 | D:4      | Found a runed translucent gate.
  2444 | D:4      | Found a runed translucent gate.
  2444 | D:4      | Found a runed translucent gate.
  2734 | D:4      | Noticed dialectric's ghost (amateur MiFi)
  2743 | D:4      | Reached XP level 6. HP: 51/54 MP: 5/5
  2753 | D:4      | Slain by dialectric's ghost

Illustrated notes

Levels and vault maps discovered:
D:1:      amcnicky_arrival_choice, layout_loops_cross, roderic_roman_lattice,
          amcnicky_mini_corridor_feature
D:2:      layout_loops_ring, minmay_lizard_pond, uniq_natasha, uniq_jessica,
          uniq_robin
D:3:      layout_loops_cross, dilly_ecumenical_altar_fadedgnrine,
          solitary_fountain
D:4:      layout_cave_pools, serial_shops, nicolae_shop_scrapyard,
          gammafunk_ghost_necromancy, kennysheep_opposing_triangles

Skill      XL: |  1  2  3  4  5 |
---------------+----------------+-----
Shapeshifting  | 4 5 |  5.2
Unarmed Combat | 4 |  4.7
Fighting       | |  0.7
Dodging        | |  1.5
Evocations     | |  0.9

Action                     |  1- 3 |  4- 6 || total
---------------------------+-------+-------++-------
  Melee: Unarmed           |   104 |   118 ||   222
         Punch             |     1 |     3 ||     4
    Use: Potion            |       |     1 ||     1
   Stab: Sleeping          |     3 |     3 ||     6
 Armour: Animal skin       |    25 |    21 ||    46
         Skin              |       |     2 ||     2
  Dodge: Dodged            |    76 |    35 ||   111

Table legend: (Time is in decaauts)
 A = Elapsed time spent in this place.
 B = Non-inter-level travel time spent in this place.
 C = Inter-level travel time spent in this place.
 D = Time resting spent in this place.
 E = Time spent auto-exploring this place.
 F = Levels seen in this place.
 G = Mean time per level.
                   A        B        C        D        E       F      G
               +--------+--------+--------+--------+--------+-----+--------+
         Total |   2739 |   2582 |    157 |      0 |   2078 |   4 |  684.8 |
       Dungeon |   2739 |   2582 |    157 |      0 |   2078 |   4 |  684.8 |
               +--------+--------+--------+--------+--------+-----+--------+

Top non-repeatable levels by time:
     D:1: 761 daAuts
     D:3: 760 daAuts
     D:2: 618 daAuts
     D:4: 600 daAuts
